 Dungeon Crawl Stone Soup version 0.25.0 (webtiles) character file.

Game seed: 8371101673984390295

15626 Helmschank the Basher (level 12, -3/110 HPs)
             Began as a Minotaur Fighter on June 13, 2020.
             Was a Believer of the Shining One.
             Killed from afar by a hellion (16 damage)
             ... with damnation
             ... while paralysed by a lich
             ... on level 1 of the Abyss.
             The game lasted 01:04:05 (11043 turns).

Helmschank the Basher (Minotaur Fighter)           Turns: 11043, Time: 01:04:06

Health: -3/110     AC: 18    Str: 26    XL:     12   Next: 2%
Magic:  11/11      EV:  2    Int:  5    God:    the Shining One [**....]
Gold:   894        SH:  0    Dex: 16    Spells: 11/11 levels left

rFire    . . .     SeeInvis .   a - +4 morningstar (freeze)
rCold    . . .     Gourm    .   M - +1 tower shield
rNeg     + . .     Faith    .   L - +0 plate armour
rPois    .         Spirit   .   (helmet restricted)
rElec    .         Reflect  .   z - +2 cloak
rCorr    .         Harm     .   l - +0 pair of gloves
MR       .....                  (no boots)
Stlth    ..........             x - amulet of regeneration
HPRegen  0.68/turn              s - +6 ring of dexterity
MPRegen  0.12/turn              O - +4 ring of evasion

@: paralysed, glowing
A: retaliatory headbutt, horns 2
a: Divine Shield, Renounce Religion


You were on level 1 of the Abyss.
You worshipped the Shining One.
The Shining One was pleased with you.
You were completely stuffed.

You visited 3 branches of the dungeon, and saw 14 of its levels.
You visited the Abyss 1 time.

You collected 894 gold pieces.

Inventory:

Hand Weapons
 a - a +4 morningstar of freezing (weapon)
 b - a +2 whip of venom
 e - a +2 flail of flaming
 S - a +0 scimitar of flaming
 Y - the +0 fustibalus "Killer Klown's Death" {vorpal, +Inv rC+ MR+ Dex+2}
   (You found it on level 2 of the Lair of Beasts)

   Any stone fired from it inflicts extra damage.
   It affects your dexterity (+2).
   It protects you from cold.
   It affects your resistance to hostile enchantments.
   It lets you turn invisible.
Missiles
 U - 388 stones (quivered)
 V - 4 silver boomerangs
 Z - 2 throwing nets
Armour
 c - a +0 kite shield
 l - a +0 pair of gloves (worn)
 z - a +2 cloak (worn)
 J - a +1 scale mail of fire resistance
 L - a +0 plate armour (worn)
 M - a +1 tower shield (worn)
 R - a +0 ring mail of cold resistance
Jewellery
 p - an uncursed ring of ice
 s - a +6 ring of dexterity (left hand)
 x - an amulet of regeneration (around neck)
 C - an uncursed amulet of the acrobat
 F - a +6 ring of intelligence
 H - an uncursed ring of flight
 O - a +4 ring of evasion (right hand)
Wands
 d - a wand of enslavement (7)
 G - a wand of acid (2)
Scrolls
 n - 3 scrolls of remove curse
 o - 2 scrolls of blinking
 q - 9 scrolls of teleportation
 w - 2 scrolls of enchant armour
 y - a scroll of fog
 W - a scroll of fear {unknown}
Potions
 j - a potion of cancellation
 k - 2 potions of curing
 m - 2 potions of haste
 r - 2 potions of ambrosia
 t - 4 potions of flight
 u - 3 potions of lignification
 A - a potion of mutation
 I - a potion of resistance
 N - 6 potions of magic
 P - a potion of might
 Q - a potion of heal wounds {unknown}
 X - a potion of brilliance
Comestibles
 f - 21 rations


   Skills:
 - Level 11.0 Fighting
 + Level 13.8 Maces & Flails
 - Level 7.0 Throwing
 - Level 9.0 Armour
 - Level 6.0 Dodging
 - Level 9.0 Shields


You had 11 spell levels left.
You didn't know any spells.
Your spell library contained the following spells:

 Spells                   Type           Power        Failure   Level  Hunger
 Corona                   Hex            #......      100%        1    ##.....
 Magic Dart               Conj           #...         100%        1    ##.....
 Ensorcelled Hibernation  Hex/Ice        #.....       100%        2    ###....
 Searing Ray              Conj           #.....       100%        2    ###....
 Confusing Touch          Hex            #.......     100%        3    ####...
 Dazzling Flash           Conj/Hex       #.....       100%        3    ####...
 Tukima's Dance           Hex            #.......     100%        3    ####...
 Fulminant Prism          Conj/Hex       #.........   100%        4    #####..
 Iskenderun's Mystic Bla  Conj/Tloc      #.......     100%        4    #####..


Dungeon Overview and Level Annotations

Branches:
Dungeon (10/15)            Temple (1/1) D:6            Lair (3/6) D:8
    Orc (0/2) D:10
  Swamp: Lair:2-4    Shoals: Lair:2-4     Snake: Lair:2-4    Spider: Lair:2-4

Altars:
Ashenzari
Cheibriados
Dithmenos
Elyvilon
Fedhas
Gozag
Hepliaklqana
Kikubaaqudgha
Makhleb
Nemelex Xobeh
Okawaru
Qazlal
Ru
Sif Muna
Trog
Uskayaw
Vehumet
Wu Jian
Xom
Yredelemnul
Zin
The Shining One

Annotations:
Lair:3 Sonja


Innate Abilities, Weirdness & Mutations

You reflexively headbutt those who attack you in melee.
You have a pair of horns on your head.


Message History

A hellion comes into view.
The hellion gives a hideous shriek!
A lich comes into view.
The lich shouts!
Found 14 gold pieces.
The hellion gestures at you.
The sphere of damnation explodes!
The damnation engulfs you!
You take 14 damage, and have 85/110 hp.
The lich casts a spell at you.
You suddenly lose the ability to move!
The hellion gestures at you.
The sphere of damnation explodes!
The damnation engulfs you!!! The hellion gestures at you.
The sphere of damnation explodes!
The damnation engulfs you! The lich casts a spell at you.
The bolt of lightning hits you!!
* * * LOW HITPOINT WARNING * * *
The hellion gestures at you.
The sphere of damnation explodes!
The damnation engulfs you!
You die...

### .. ..#... ##
..#.#.#.## ####. #
####..#.#.#...ยง...#
.#####...#...#.#.#....
. # ...#.#..#.$..#
##.# . #.#. .##@#.#
##.##..# .#......#
##.......#...#.##
#.....##2L##.#..
#.#...#.### ##### .
#2....# .# #.#....## #
# . .#...#
...#..#..##.


You could see a lich and a hellion.

Vanquished Creatures
  Harold (Lair:1)
  Erica (D:8)
  2 two-headed ogres
  Nergalle (Lair:2)
  2 black mambas
  2 spiny frogs
  A gargoyle (D:10)
  3 komodo dragons (Lair:2)
  A troll (D:9)
  2 hippogriffs
  Sigmund (D:3)
  A wyvern (D:9)
  16 yaks
  A hungry ghost (D:7)
  6 porcupines
  2 water moccasins
  5 orc warriors
  3 ice beasts
  An eye of draining (D:8)
  2 necrophages
  2 black bears (Lair:2)
  3 phantoms
  4 centaurs
  6 ogres
  3 wolves (Lair:1)
  5 crocodiles
  8 bullfrogs
  Blork the orc (D:6)
  3 scorpions
  5 killer bees (D:9)
  8 wights
  An electric eel (Lair:2)
  4 howler monkeys
  7 crimson imps
  5 hounds
  A quasit (D:8)
  4 jellies
  Crazy Yiuf (D:7)
  2 centaur skeletons
  6 orc priests
  A bullfrog skeleton (D:7)
  4 iguanas
  Jessica (D:3)
  12 orc wizards
  8 worker ants
  A hound zombie (D:9)
  2 hound skeletons
  A worker ant zombie (D:7)
  Robin (D:2)
  3 gnolls (D:5)
  7 adders
  3 shadow imps
  An ooze (D:6)
  A worm (D:2)
  5 leopard geckos
  38 orcs
  7 giant cockroaches
  7 hobgoblins
  6 jackals
  6 kobolds
  5 quokkas
  A ball python (D:1)
  7 bats
  5 frilled lizards
  10 goblins
  A jackal zombie (D:7)
  A leopard gecko skeleton (D:5)
  A leopard gecko zombie (D:6)
  A quokka skeleton (D:4)
  7 rats
  A butterfly (Lair:2)
  A plant (D:4)
289 creatures vanquished.

Vanquished Creatures (others)
  2 plants (D:8)
2 creatures vanquished.

Grand Total: 291 creatures vanquished

Notes
Turn   | Place    | Note
-------+----------+-------------------------------------------
     0 | D:1      | Helmschank the Minotaur Fighter began the quest for the
                  | Orb.
     0 | D:1      | Reached XP level 1. HP: 19/19 MP: 0/0
   132 | D:1      | Reached skill level 3 in Maces & Flails
   132 | D:1      | Reached XP level 2. HP: 27/27 MP: 1/1
   470 | D:1      | Reached XP level 3. HP: 32/33 MP: 2/2
   595 | D:1      | Reached skill level 1 in Throwing
   798 | D:2      | Reached skill level 1 in Dodging
   798 | D:2      | Reached XP level 4. HP: 37/40 MP: 3/3
   824 | D:2      | Found a faded altar of an unknown god.
  1140 | D:2      | Reached skill level 4 in Maces & Flails
  1296 | D:2      | Found an ancient bone altar of Kikubaaqudgha.
  1296 | D:2      | Found a blossoming altar of Fedhas.
  1525 | D:2      | Noticed Robin
  1529 | D:2      | Killed Robin
  1578 | D:2      | Found a basalt altar of Yredelemnul.
  1703 | D:3      | Found a shattered altar of Ashenzari.
  1841 | D:3      | Noticed Jessica
  1841 | D:3      | Noticed Sigmund
  1866 | D:3      | Killed Sigmund
  1866 | D:3      | Reached skill level 5 in Maces & Flails
  1866 | D:3      | Reached skill level 5 in Fighting
  1866 | D:3      | Reached XP level 5. HP: 48/48 MP: 4/4
  1866 | D:3      | Reached XP level 6. HP: 56/56 MP: 5/5
  1876 | D:3      | Killed Jessica
  1876 | D:3      | Reached skill level 5 in Armour
  2443 | D:4      | Reached skill level 5 in Shields
  3119 | D:4      | Reached XP level 7. HP: 55/61 MP: 6/6
  3266 | D:5      | Entered Level 5 of the Dungeon
  3454 | D:5      | Reached skill level 6 in Maces & Flails
  3481 | D:5      | Found a sparkling altar of Nemelex Xobeh.
  3685 | D:5      | Found an iron altar of Okawaru.
  3702 | D:5      | Found a white marble altar of Elyvilon.
  3802 | D:5      | Found a snail-covered altar of Cheibriados.
  3830 | D:5      | Found a radiant altar of Vehumet.
  4239 | D:6      | Reached XP level 8. HP: 66/70 MP: 7/7
  4258 | D:6      | Found a staircase to the Ecumenical Temple.
  4333 | Temple   | Entered the Ecumenical Temple
  4568 | D:6      | Reached skill level 7 in Maces & Flails
  4888 | D:6      | Noticed Blork the orc
  4907 | D:6      | Killed Blork the orc
  4907 | D:6      | Reached skill level 8 in Maces & Flails
  4950 | D:6      | Found a burning altar of Makhleb.
  5586 | D:7      | Reached XP level 9. HP: 75/82 MP: 8/8
  5613 | D:7      | Found a runed translucent door.
  5614 | D:7      | Noticed Crazy Yiuf
  5624 | D:7      | Killed Crazy Yiuf
  6413 | D:8      | Reached skill level 5 in Throwing
  6452 | D:8      | Reached skill level 9 in Maces & Flails
  6466 | D:8      | Reached skill level 10 in Maces & Flails
  6495 | D:8      | Reached XP level 10. HP: 91/91 MP: 9/9
  6511 | D:8      | Found a staircase to the Lair.
  6600 | D:8      | Found an opulent altar of Gozag.
  6667 | D:8      | Noticed Erica
  6685 | D:8      | Killed Erica
  6685 | D:8      | Reached skill level 10 in Fighting
  6961 | D:8      | Found a sacrificial altar of Ru.
  6962 | D:8      | Found a bloodstained altar of Trog.
  7385 | D:9      | Found a glowing golden altar of the Shining One.
  7391 | D:9      | Became a worshipper of the Shining One
  7454 | D:9      | Found a shattered altar of Ashenzari.
  7477 | D:9      | Noticed a two-headed ogre
  7494 | D:9      | Killed a two-headed ogre
  7494 | D:9      | Reached skill level 5 in Dodging
  7540 | D:9      | Reached skill level 11 in Maces & Flails
  7559 | D:9      | Reached * piety under the Shining One
  7797 | D:9      | You fall into a shaft and drop 1 floor!
  7797 | D:10     | Entered Level 10 of the Dungeon
  7872 | D:10     | Reached XP level 11. HP: 99/99 MP: 10/10
  7884 | D:10     | Reached skill level 12 in Maces & Flails
  7930 | D:10     | Noticed a two-headed ogre
  7945 | D:10     | Killed a two-headed ogre
  8217 | D:10     | Found a staircase to the Orcish Mines.
  8249 | D:10     | Reached ** piety under the Shining One
  8712 | D:9      | Found a sacrificial altar of Ru.
  9026 | Lair:1   | Entered Level 1 of the Lair of Beasts
  9044 | Lair:1   | Noticed Harold
  9088 | Lair:1   | Killed Harold
  9987 | Lair:2   | Got a scorched hunting sling
  9988 | Lair:2   | Lost intelligence.
  9988 | Lair:2   | Identified the +4 hunting sling "Bonaleje" {freeze, rN++
                  | Int-5} (You found it on level 2 of the Lair of Beasts)
 10072 | Lair:2   | Reached skill level 13 in Maces & Flails
 10257 | Lair:2   | Got a steaming fustibalus
 10258 | Lair:2   | Identified the cursed +0 fustibalus "Killer Klown's Death"
                  | {vorpal, +Inv rC+ MR+ Dex+2} (You found it on level 2 of
                  | the Lair of Beasts)
 10426 | Lair:2   | Noticed Nergalle
 10445 | Lair:2   | Killed Nergalle
 10719 | Lair:2   | Reached XP level 12. HP: 110/110 MP: 11/11
 10981 | Lair:3   | Noticed Sonja
 10994 | Lair:3   | Cast into level 1 of the Abyss (Sonja)
 11034 | Abyss:1  | Noticed a lich
 11040 | Abyss:1  | Paralysed by a lich for 4 turns
 11043 | Abyss:1  | Killed from afar by a hellion

Illustrated notes

Levels and vault maps discovered:
D:1:      dpeg_arrival_boxes_within_box, layout_rooms, st_stairs_12
D:2:      layout_loops_ring, grunt_temple_overflow_growth_and_decay,
          lemuel_doored_altar, chequers_ecumenical_altar_simple_redux,
          uniq_robin
D:3:      layout_rooms, evilmike_ruin_ashenzari, uniq_jessica, uniq_sigmund
D:4:      layout_basic, serial_bayou_lagoon_a
D:5:      layout_basic, nicolae_overflow_hidden_temple,
          nicolae_overflow_quartered_altars, first_ration
D:6:      layout_basic, minmay_temple_entry_statues_pillars, corner_web_ring,
          makhleb_blood_cavern_becter, uniq_blork_the_orc
D:7:      layout_basic, grunt_ogre_cave, uniq_crazy_yiuf_cottage
D:8:      layout_loops_cross, overflow_temple_1_default,
          grunt_temple_overflow_open, minmay_lair_entry_grove, uniq_erica
D:9:      layout_rooms, lemuel_round_altar, nicolae_tso_swordbearing_angel,
          basic_altar, palyth_stone_intersect
D:10:     layout_basic, orc_0_dummy
Temple:   jpeg_temple_island
Lair:1:   layout_small_grid, uniq_harold
Lair:2:   layout_chaotic_city, gammafunk_lair_bear_cave, grunt_megastairs_1,
          lemuel_fruit_fields, uniq_nergalle
Lair:3:   layout_misc_corridors, shoals_dummy_entry, dummy_snake_entry,
          small_statue_intersection, uniq_sonja
Abyss:1:  base: D:1, evilmike_abyss_exit_1

Skill      XL: |  1  2  3  4  5  6  7  8  9 10 11 |
---------------+----------------------------------+-----
Fighting       | 4 5 6 8 9 10 11 | 11.0
Maces & Flails | 3 5 6 8 10 11 13 | 13.8
Armour         | 4 5 6 7 8 9 |  9.0
Shields        | 4 5 6 7 8 9 |  9.0
Throwing       | 2 3 4 5 6 7 |  7.0
Dodging        | 1 2 3 4 5 6 |  6.0

Action                   |  1- 3 |  4- 6 |  7- 9 | 10-12 || total
-------------------------+-------+-------+-------+-------++-------
Melee: Flail             |    80 |    57 |   110 |    42 ||   289
       Headbutt          |    10 |    21 |    72 |    97 ||   200
       Whip              |       |    45 |   179 |   261 ||   485
       Morningstar       |       |       |       |    71 ||    71
Throw: Stone             |     9 |    79 |    93 |   136 ||   317
       Boomerang         |       |       |    59 |    54 ||   113
       Throwing net      |       |       |       |     1 ||     1
Evoke: Wand              |       |     1 |     5 |     5 ||    11
  Use: Potion            |       |     1 |       |     2 ||     3
       Scroll            |       |     7 |     4 |    17 ||    28
  Eat: Chunk             |       |     7 |    12 |    14 ||    33
       Ration            |       |       |     1 |     3 ||     4
Armor: Scale mail        |    44 |    28 |       |       ||    72
       Chain mail        |       |     7 |    37 |       ||    44
       Plate armour      |       |       |    59 |    93 ||   152
Dodge: Dodged            |    22 |    22 |    50 |    94 ||   188
Block: Kite shield       |    38 |    29 |    99 |    90 ||   256
       Tower shield      |       |       |       |   128 ||   128
